 Dungeon Crawl Stone Soup version 0.31-a0-460-g9e667d4245 (webtiles) character file.

Game seed: 12656405478747278563

53 Maratek the Skirmisher (level 3, -2/31 HPs)
             Began as a Gnoll Hunter on Aug 4, 2023.
             Slain by Robin
             ... wielding a +0 trident
              (3 damage)
             ... on level 2 of the Dungeon.
             The game lasted 00:02:57 (881 turns).

Maratek the Skirmisher (Gnoll Hunter)                Turns: 881, Time: 00:02:59

Health: -2/31      AC:  3    Str: 10    XL:     3   Next: 87%
Magic:  4/4        EV: 13    Int:  8    God:
Gold:   76         SH:  0    Dex: 17    Spells: 4/4 levels left

rFire   + . .        a - +0 shortbow
rCold   . . .        (shield currently unavailable)
rNeg    . . .        c - +0 leather armour
rPois   .            (no helmet)
rElec   .            (no cloak)
rCorr   .            (no gloves)
SInv    .            (no boots)
Will    .....        (no amulet)
Stlth   ++           h - ring of protection from fire
HPRegen 0.25/turn    (no ring)
MPRegen 0.09/turn

%: no passive effects
@: no status effects
A: fangs 1, strong nose, distributed training
a: no special abilities


You were on level 2 of the Dungeon.
You visited 1 branch of the dungeon, and saw 2 of its levels.

You collected 76 gold pieces.

Inventory:

Hand Weapons
 a - a +0 shortbow (weapon)
Armour
 c - a +0 leather armour (worn)
Jewellery
 h - a ring of protection from fire (left hand)
Scrolls
 b - a scroll of butterflies
 e - a scroll of brand weapon {unknown}
 f - a scroll of immolation {unknown}
 g - 2 scrolls of vulnerability {unknown}
 i - a scroll of identify {unknown}
Potions
 d - 2 potions of curing {unknown}
 j - a potion of haste {unknown}


   Skills:
 + Level 4.6 Fighting
 + Level 1.0 Short Blades
 + Level 1.0 Long Blades
 + Level 1.0 Axes
 + Level 1.0 Maces & Flails
 + Level 1.0 Polearms
 + Level 1.0 Staves
 + Level 8.5 Ranged Weapons
 + Level 1.0 Throwing
 + Level 1.0 Armour
 + Level 4.6 Dodging
 + Level 2.4 Stealth
 + Level 1.0 Shields
 + Level 1.0 Unarmed Combat
 + Level 1.0 Spellcasting
 + Level 0.7 Conjurations
 + Level 0.7 Hexes
 + Level 0.7 Summonings
 + Level 0.7 Necromancy
 + Level 0.7 Translocations
 + Level 0.7 Transmutations
 + Level 0.7 Fire Magic
 + Level 0.7 Ice Magic
 + Level 0.7 Air Magic
 + Level 0.7 Earth Magic
 + Level 0.7 Poison Magic
 + Level 1.0 Invocations
 + Level 1.0 Evocations
 + Level 0.7 Shapeshifting


You had 4 spell levels left.
You didn't know any spells.
Your spell library was empty.

Dungeon Overview and Level Annotations

Branches:
Dungeon (2/15)

Altars:

Annotations:
D:2 Robin


Innate Abilities, Weirdness & Mutations

You have very sharp teeth.
Your uncanny sense of smell can sniff out nearby items.
Your experience applies equally to all skills.


Message History

The goblin hits you but does no damage. Robin hits you but does no damage.
You shoot an arrow. The arrow closely misses the goblin.
The arrow closely misses Robin.
The goblin closely misses you.
Robin hits you from afar with a +0 trident.
You shoot an arrow. The arrow barely misses the goblin.
The arrow barely misses Robin.
The goblin no longer looks unusually strong.
The goblin closely misses you.
Robin roars a battlecry!
The goblin goes into a battle-frenzy!
You shoot an arrow. The arrow hits the goblin.
You kill the goblin!
Robin hits you from afar with a +0 trident.
You shoot an arrow. The arrow barely misses the goblin.
The arrow hits Robin but does no damage.
Robin is almost dead.
The goblin completely misses you. Robin misses you.
You shoot an arrow. The arrow barely misses the goblin.
The arrow hits Robin.
Robin is almost dead.
Robin hits you from afar with a +0 trident.
You shoot an arrow. The arrow hits the goblin.
The goblin is moderately wounded.
The goblin hits you with a +0 club.
* * * LOW HITPOINT WARNING * * *
You shoot an arrow. The arrow hits the goblin!
You kill the goblin!
Robin misses you.
You shoot an arrow. The arrow hits the goblin!
You kill the goblin!
You shoot an arrow. The arrow hits the goblin.
You kill the goblin!
Robin hits you from afar with a +0 trident!
* * * LOW HITPOINT WARNING * * *
You shoot an arrow. The arrow closely misses the quokka.
The arrow hits Robin but does no damage.
Robin is almost dead.
Robin barely misses you. The quokka bites you.
* * * LOW HITPOINT WARNING * * *
Robin hits you from afar with a +0 trident.
You die...

∆ ###### ### ### ### ###
......###.###.###.###.##
?..?.g.#.#.#.#.#.#.#.#..
......r#.#.#.#.#.#.#.#..
#@###.###.###.###. ###
### ### ###... #### ∆


You could see Robin and a quokka.

Vanquished Creatures
  A dart slug (D:1)
  6 endoplasms (D:1)
  2 giant cockroaches (D:1)
  10 goblins
  7 hobgoblins
  A quokka (D:1)
  5 ball pythons
  6 bats (D:1)
  A frilled lizard (D:1)
  3 kobolds
  A rat (D:2)
43 creatures vanquished.

Notes
Turn   | Place    | Note
-------+----------+-------------------------------------------
     0 | D:1      | Maratek the Gnoll Hunter began the quest for the Orb.
     0 | D:1      | Reached XP level 1. HP: 20/20 MP: 1/1
   116 | D:1      | Reached XP level 2. HP: 26/26 MP: 2/2
   511 | D:1      | Reached XP level 3. HP: 28/31 MP: 3/3
   780 | D:2      | Reached skill level 1 in Invocations
   852 | D:2      | Noticed Robin
   867 | D:2      | Reached skill level 1 in Short Blades
   867 | D:2      | Reached skill level 1 in Long Blades
   867 | D:2      | Reached skill level 1 in Axes
   867 | D:2      | Reached skill level 1 in Maces & Flails
   867 | D:2      | Reached skill level 1 in Polearms
   867 | D:2      | Reached skill level 1 in Staves
   867 | D:2      | Reached skill level 1 in Throwing
   867 | D:2      | Reached skill level 1 in Armour
   867 | D:2      | Reached skill level 1 in Shields
   867 | D:2      | Reached skill level 1 in Unarmed Combat
   867 | D:2      | Reached skill level 1 in Spellcasting
   867 | D:2      | Reached skill level 1 in Evocations
   880 | D:2      | HP: 1/31 [Robin/+0 trident (7)]
   881 | D:2      | Slain by Robin

Illustrated notes

Levels and vault maps discovered:
D:1:      eino_arrival_tree_alley, layout_loops_cross, minmay_tetromino_t2
D:2:      layout_rooms, palyth_stone_intersect, corexii_item_surrounded_by_moat,
          grunt_decor_resistance, minmay_misc_feat_hallway, uniq_terence,
          uniq_robin

Skill      XL: |  1  2  3 |
---------------+----------+-----
Invocations    | 1 |  1.0
Short Blades   | 1 |  1.0
Long Blades    | 1 |  1.0
Axes           | 1 |  1.0
Maces & Flails | 1 |  1.0
Polearms       | 1 |  1.0
Staves         | 1 |  1.0
Throwing       | 1 |  1.0
Armour         | 1 |  1.0
Shields        | 1 |  1.0
Unarmed Combat | 1 |  1.0
Spellcasting   | 1 |  1.0
Evocations     | 1 |  1.0
Fighting       | |  4.6
Ranged Weapons | |  8.5
Dodging        | |  4.6
Stealth        | |  2.4
Conjurations   | |  0.7
Hexes          | |  0.7
Summonings     | |  0.7
Necromancy     | |  0.7
Translocations | |  0.7
Transmutations | |  0.7
Fire Magic     | |  0.7
Ice Magic      | |  0.7
Air Magic      | |  0.7
Earth Magic    | |  0.7
Poison Magic   | |  0.7
Shapeshifting  | |  0.7

Action                     || total
---------------------------++-------
   Fire: Shortbow          ||   115
 Armour: Leather armour    ||    12
  Dodge: Dodged            ||    34

Table legend: (Time is in decaauts)
 A = Elapsed time spent in this place.
 B = Non-inter-level travel time spent in this place.
 C = Inter-level travel time spent in this place.
 D = Time resting spent in this place.
 E = Time spent auto-exploring this place.
 F = Levels seen in this place.
 G = Mean time per level.
                   A        B        C        D        E       F      G
               +--------+--------+--------+--------+--------+-----+--------+
         Total |    881 |    881 |      0 |      0 |    713 |   2 |  440.5 |
       Dungeon |    881 |    881 |      0 |      0 |    713 |   2 |  440.5 |
               +--------+--------+--------+--------+--------+-----+--------+

Top non-repeatable levels by time:
     D:1: 776 daAuts
     D:2: 105 daAuts
